 Dungeon Crawl Stone Soup version 0.26-a0-757-g626ac9e51a (webtiles) character file.

Game seed: 1551648737137297432

8668 Grant146 the Basher (level 11, -5/99 HPs)
             Began as a Minotaur Berserker on Nov 7, 2020.
             Was a High Priest of Trog.
             Slain by a boulder beetle (32 damage)
             ... on level 10 of the Dungeon.
             The game lasted 00:18:00 (10880 turns).

Grant146 the Basher (Minotaur Berserker)           Turns: 10880, Time: 00:18:01

Health: -5/99      AC: 19    Str: 23    XL:     11   Next: 12%
Magic:  10/10      EV:  7    Int:  4    God:    Trog [*****.]
Gold:   753        SH: 11    Dex: 12    Spells: 10/10 levels left

rFire    x . .     SeeInvis .   M - +2 mace
rCold    + . .     Faith    .   y - +0 kite shield
rNeg     . . .     Spirit   .   A - +0 plate armour
rPois    .         Reflect  .   (helmet restricted)
rElec    .         Harm     .   (no cloak)
rCorr    +         Rampage  .   u - +2 pair of gloves
MR       .....                  K - +0 pair of boots
Stlth    ..........             (no amulet)
HPRegen  0.26/turn              D - ring of ice
MPRegen  0.12/turn              v - ring of resist corrosion

@: no status effects
A: retaliatory headbutt, horns 2
a: Berserk, Trog's Hand, Brothers in Arms, Renounce Religion


You were on level 10 of the Dungeon.
You worshipped Trog.
Trog was extremely pleased with you.
You visited 1 branch of the dungeon, and saw 11 of its levels.

You collected 753 gold pieces.

Inventory:

Hand Weapons
 a - a +1 mace
 I - a +0 dire flail
 M - a +2 mace (weapon)
Armour
 d - a +0 ring mail
 e - a +0 troll leather armour
 o - a +0 chain mail
 u - a +2 pair of gloves (worn)
 y - a +0 kite shield (worn)
 A - a +0 plate armour (worn)
 B - a +0 chain mail
 K - a +0 pair of boots (worn)
 N - +0 steam dragon scales
Jewellery
 s - an uncursed ring of stealth
 v - a ring of resist corrosion (right hand)
 D - a ring of ice (left hand)
 F - a cursed -4 ring of strength {unknown}
 G - a +4 ring of evasion {unknown}
 P - an uncursed ring of see invisible {unknown}
Wands
 m - a wand of enslavement (31)
 r - a wand of flame (71)
 C - a wand of paralysis (5)
 J - a wand of disintegration (22)
Scrolls
 c - a scroll of noise
 h - 4 scrolls of identify
 j - a scroll of remove curse
 k - 2 scrolls of enchant armour
 q - a scroll of enchant weapon
 x - 2 scrolls of blinking
 z - a scroll of teleportation
 O - a scroll of fog {unknown}
Potions
 b - 2 potions of degeneration {unknown}
 f - a potion of lignification {unknown}
 g - 6 potions of heal wounds
 i - a potion of might {unknown}
 l - 2 potions of flight {unknown}
 n - a potion of mutation {unknown}
 p - a potion of attraction {unknown}
 t - a potion of haste {unknown}
 w - a potion of magic {unknown}
 E - a potion of ambrosia {unknown}
 H - 2 potions of berserk rage {unknown}
 L - a potion of brilliance {unknown}
 Q - a potion of cancellation {unknown}


   Skills:
 + Level 9.8 Fighting
 + Level 13.2 Maces & Flails
 + Level 10.3 Armour
 + Level 4.6 Dodging
 + Level 1.4 Stealth
 + Level 6.6 Shields


You had 10 spell levels left.
You didn't know any spells.
Your spell library was empty.

Dungeon Overview and Level Annotations

Branches:
Dungeon (11/15)            Temple (0/1) D:5            Lair (0/6) D:10
    Orc (0/2) D:9

Altars:
Ashenzari
Cheibriados
Dithmenos
Gozag
Hepliaklqana
Vehumet

Shops:
D:10 }:


Innate Abilities, Weirdness & Mutations

You reflexively headbutt those who attack you in melee.
You have a pair of horns on your head.


Message History

You feel strangely unstable.
The boulder beetle curls into a ball and begins rolling!
The boulder beetle completely misses you.
The boulder beetle stops rolling and uncurls.
Your surroundings suddenly seem different.
You start resting.
An orc warrior is nearby!
An orc warrior is nearby!
An orc warrior is nearby!
An orc warrior is nearby!
The orc warrior shouts!
You hear a shout!
The boulder beetle curls into a ball and begins rolling!
You sock the orc warrior!
The orc warrior is severely wounded.
You block the orc warrior's attack.
You hit the orc warrior. You headbutt the orc warrior.
You kill the orc warrior!
Trog accepts your kill. The boulder beetle hits you!!
You die...

...##......#...........#
...........#...........#
...........#....)......#
...........#...........#
...##......'...........##########
...##......#.....................
...........#.###.....#...........
...........#.....................
...........#...)@B○....(.........
...........#.......°.............
############.....................
........##############'#####.....
.######.#..................#.#...
.# #.#..................#.#... .#
#.#................B°'..... .#
#.#........>.........#..... .#
#.#.......)###########.....


You could see a boulder beetle.

Vanquished Creatures
  A two-headed ogre (D:10)
  Pikel (D:5)
  2 gargoyles (D:10)
  Maggie (D:9)
  2 trolls
  3 yaks
  2 steam dragons
  3 soldier ants
  A water moccasin (D:10)
  3 sky beasts
  A black bear (D:6)
  6 orc warriors
  4 ice beasts
  2 ogres
  2 phantoms
  5 centaurs
  7 bullfrogs
  3 scorpions
  3 killer bees (D:10)
  15 wights
  A bullfrog zombie (D:5)
  2 quasits
  5 hounds
  3 jellies
  4 orc wizards
  7 orc priests
  3 centaur skeletons
  Natasha (D:2)
  2 iguanas (D:6)
  15 worker ants
  A hound skeleton (D:4)
  2 worker ant zombies
  A howler monkey zombie (D:11)
  A howler monkey skeleton (D:4)
  15 adders
  A shadow imp (D:7)
  2 white imps
  2 ufetubi
  2 oozes
  5 worms
  5 dart slugs
  4 leopard geckos
  40 orcs
  6 bats
  3 giant cockroaches
  3 goblins
  6 hobgoblins
  10 jackals
  13 kobolds
  3 quokkas
  A ball python (D:2)
  A ball python skeleton (D:4)
  2 frilled lizards (D:2)
  2 leopard gecko skeletons
  A quokka skeleton (D:7)
  2 quokka zombies
  9 rats
253 creatures vanquished.

Vanquished Creatures (others)
  A plant (D:10)
1 creature vanquished.

Grand Total: 254 creatures vanquished

Notes
Turn   | Place    | Note
-------+----------+-------------------------------------------
     0 | D:1      | Grant146 the Minotaur Berserker began the quest for the
                  | Orb.
     0 | D:1      | Reached XP level 1. HP: 19/19 MP: 0/0
   351 | D:1      | Reached skill level 4 in Maces & Flails
   351 | D:1      | Reached XP level 2. HP: 27/27 MP: 1/1
  1188 | D:2      | Reached XP level 3. HP: 30/33 MP: 2/2
  1331 | D:2      | Reached ** piety under Trog
  1399 | D:2      | Found a radiant altar of Vehumet.
  1490 | D:2      | Reached XP level 4. HP: 41/41 MP: 3/3
  1549 | D:2      | Reached skill level 5 in Fighting
  1872 | D:3      | Noticed Natasha
  1888 | D:2      | Killed Natasha
  2084 | D:3      | Reached skill level 5 in Maces & Flails
  2168 | D:3      | Reached XP level 5. HP: 47/48 MP: 4/4
  2777 | D:3      | Reached *** piety under Trog
  2975 | D:4      | Reached XP level 6. HP: 54/57 MP: 5/5
  2980 | D:4      | Reached skill level 6 in Maces & Flails
  3554 | D:5      | Entered Level 5 of the Dungeon
  3689 | D:5      | Noticed a troll
  3697 | D:5      | Killed a troll
  3697 | D:5      | Reached skill level 7 in Maces & Flails
  3697 | D:5      | Reached XP level 7. HP: 63/63 MP: 6/6
  3774 | D:5      | Reached skill level 1 in Stealth
  3857 | D:5      | Found a staircase to the Ecumenical Temple.
  3867 | D:5      | Noticed Pikel
  3887 | D:5      | Killed Pikel
  3887 | D:5      | Reached skill level 8 in Maces & Flails
  3887 | D:5      | Reached XP level 8. HP: 71/71 MP: 7/7
  3980 | D:5      | Reached skill level 9 in Maces & Flails
  4185 | D:5      | Reached **** piety under Trog
  4951 | D:6      | Reached XP level 9. HP: 57/79 MP: 8/8
  5061 | D:6      | Reached skill level 10 in Maces & Flails
  5063 | D:6      | Found a broken altar of Ashenzari.
  5188 | D:6      | Found a snail-covered altar of Cheibriados.
  5553 | D:6      | Found a hazy altar of Hepliaklqana.
  5725 | D:6      | Reached skill level 1 in Shields
  6230 | D:7      | Reached skill level 11 in Maces & Flails
  6257 | D:7      | Reached ***** piety under Trog
  6592 | D:7      | Found an opulent altar of Gozag.
  7516 | D:8      | Reached XP level 10. HP: 86/90 MP: 9/9
  8268 | D:9      | Found a staircase to the Orcish Mines.
  8552 | D:9      | Noticed Maggie
  8597 | D:9      | Killed Maggie
  8834 | D:9      | Found a shadowy altar of Dithmenos.
  9126 | D:10     | Entered Level 10 of the Dungeon
  9143 | D:10     | Reached skill level 12 in Maces & Flails
  9221 | D:10     | Found Piqau's Gadget Shop.
  9690 | D:10     | Noticed a gargoyle
  9707 | D:10     | Killed a gargoyle
  9707 | D:10     | Reached skill level 10 in Armour
  9707 | D:10     | Reached skill level 5 in Shields
 10015 | D:10     | Found Xung's Book Shoppe.
 10027 | D:10     | Noticed a gargoyle
 10039 | D:10     | Killed a gargoyle
 10109 | D:10     | Reached skill level 13 in Maces & Flails
 10246 | D:10     | Found a staircase to the Lair.
 10482 | D:11     | Reached XP level 11. HP: 79/97 MP: 10/10
 10653 | D:11     | Noticed a boulder beetle
 10657 | D:11     | Noticed a two-headed ogre
 10694 | D:10     | Killed a two-headed ogre
 10880 | D:10     | Slain by a boulder beetle

Illustrated notes

Levels and vault maps discovered:
D:1:      nzn_arrival_depleted_hourglass, layout_basic
D:2:      layout_loops_ring, nicolae_overflow_crystal_walls
D:3:      layout_rooms, uniq_natasha
D:4:      layout_gridville, minmay_misc_feat_four_crosses, due_unseen_surprise
D:5:      layout_basic, minmay_temple_entry_tees, uniq_pikel
D:6:      layout_basic, kennysheep_mini_moat, cheibrodos_worm_habitat,
          nicolae_ashenzari_panopticon, portal_sewer_entry_b,
          nicolae_underground_beach
D:7:      layout_gridville, grunt_gozag_breadcrumbs
D:8:      layout_loops_ring
D:9:      layout_roguey, lemuel_coloured_pillars_altar, orc_0_dummy,
          chequers_serial_rivers_small_b, minmay_strange_pillars, uniq_maggie
D:10:     layout_stronghold, dpeg_oklobed_lair, serial_shops, shop_fountains,
          shop, minivault_29
D:11:     layout_cave_pools

Skill      XL: |  1  2  3  4  5  6  7  8  9 10 |
---------------+-------------------------------+-----
Maces & Flails | 4 5 7 8 9 11 13 | 13.2
Fighting       | 4 5 6 7 8 9 |  9.8
Armour         | 3 4 6 7 9 10 | 10.3
Dodging        | 3 4 |  4.6
Stealth        | 1 |  1.4
Shields        | 3 6 |  6.6

Action                   |  1- 3 |  4- 6 |  7- 9 | 10-12 || total
-------------------------+-------+-------+-------+-------++-------
Melee: Mace              |    62 |   157 |   350 |   322 ||   891
       Headbutt          |     9 |    31 |    89 |    76 ||   205
Invok: Berserk           |       |     3 |     2 |     4 ||     9
  Use: Scroll            |       |     6 |     2 |     4 ||    12
Armor: Animal skin       |     3 |       |       |       ||     3
       Ring mail         |    12 |    37 |       |       ||    49
       Chain mail        |       |    65 |    75 |       ||   140
       Plate armour      |       |       |   116 |   159 ||   275
Dodge: Dodged            |    42 |   102 |   100 |    70 ||   314
Block: Kite shield       |       |       |    82 |   167 ||   249

Table legend: (Time is in decaauts)
 A = Elapsed time spent in this place.
 B = Non-inter-level travel time spent in this place.
 C = Inter-level travel time spent in this place.
 D = Time resting spent in this place.
 E = Time spent auto-exploring this place.
 F = Levels seen in this place.
 G = Mean time per level.
                   A        B        C        D        E       F      G
               +--------+--------+--------+--------+--------+-----+--------+
         Total |  10951 |  10493 |    458 |    497 |   7735 |  11 |  995.5 |
       Dungeon |  10951 |  10493 |    458 |    497 |   7735 |  11 |  995.5 |
               +--------+--------+--------+--------+--------+-----+--------+

Top non-repeatable levels by time:
     D:6: 1331 daAuts
     D:8: 1248 daAuts
     D:7: 1214 daAuts
    D:10: 1202 daAuts
     D:1: 1181 daAuts
     D:9: 1087 daAuts
     D:2: 911 daAuts
     D:5: 899 daAuts
     D:3: 892 daAuts
     D:4: 619 daAuts
    D:11: 363 daAuts
